 Dungeon Crawl Stone Soup version 0.16.2-12-gd0ad4c3 (webtiles) character file.

513 gorblad the Ducker (level 7, -3/52 HPs)
             Began as a Demonspawn Gladiator on Sept 16, 2015.
             Was an Initiate of Dithmenos.
             Slain by Prince Ribbit (13 damage)
             ... on level 5 of the Dungeon.
             The game lasted 00:13:15 (3970 turns).

gorblad the Ducker (Demonspawn Gladiator)           Turns: 3970, Time: 00:13:17

Health: -3/52      AC:  9    Str: 22    XL:     7   Next: 0%
Magic:  7/7        EV: 11    Int: 10    God:    Dithmenos [......]
Gold:   216        SH:  0    Dex: 13    Spells: 0 memorised, 6 levels left

rFire  . . .     SeeInvis .     h - +1 hand axe (chop)
rCold  . . .     Clarity  .     z - +0 scale mail
rNeg   . . .     SustAb   +     (no shield)
rPois  .         Gourm    .     c - +0 helmet
rElec  .         Spirit   .     w - +0 cloak
rCorr  .         Warding  .     (no gloves)
rMut   .         Stasis   .     (no boots)
MR     .....                    (no amulet)
Stlth  ..........               A - +5 ring of strength
                                L - ring of sustain abilities

@: not resistant to hostile enchantments, extremely unstealthy
A: hooves 1, icy blue scales 1
a: Renounce Religion


You were on level 5 of the Dungeon.
You worshipped Dithmenos.
Dithmenos was noncommittal.
You were not hungry.

You visited 2 branches of the dungeon, and saw 6 of its levels.

You collected 216 gold pieces.

Inventory:

Hand weapons
 a - a +0 flail
 e - a +0 mace
 h - a +1 hand axe of chopping (weapon)
 x - a cursed -2 war axe
 y - a +2 falchion of flaming
Missiles
 d - 3 throwing nets (quivered)
Armour
 b - a +0 leather armour
 c - a +0 helmet (worn)
 p - a +0 ring mail
 w - a +0 cloak (worn)
 z - a +0 scale mail (worn)
Jewellery
 o - a +1 ring of evasion
 A - a +5 ring of strength (right hand)
 L - a ring of sustain abilities (left hand)
Magical devices
 q - a wand of random effects (41)
 F - a wand of slowing (17)
 K - a wand of fireball (6)
 M - a wand of flame (29)
Scrolls
 g - 2 scrolls of remove curse
 n - a scroll of recharging {unknown}
 s - a scroll of magic mapping {unknown}
 B - a scroll of teleportation {unknown}
 G - 2 scrolls of identify
Potions
 k - a potion of cure mutation {unknown}
 l - a potion of agility {unknown}
 m - a potion of flight {unknown}
 r - a potion of ambrosia {unknown}
 t - a potion of haste {unknown}
 v - 2 potions of invisibility {unknown}
 C - a potion of berserk rage {unknown}
 E - a potion of poison {unknown}
Books
 I - a book of Party Tricks

   Spells                             Type                      Level
   a - Summon Butterflies             Summoning                    1
   b - Apportation                    Translocation                1
   c - Tukima's Dance                 Hexes                        3
   d - Alistair's Intoxication        Transmutation/Poison         4
   e - Invisibility                   Hexes                        6
Comestibles
 f - 3 bread rations
 u - 3 meat rations
 D - a beef jerky
 H - a royal jelly
 J - a chunk of flesh


   Skills:
 + Level 3.5 Fighting
 - Level 0.3 Long Blades
 * Level 3.9(4.3) Axes
 - Level 2.8(3.8) Maces & Flails
 + Level 3.3 Throwing
 + Level 4.1 Dodging


You had 6 spell levels left.
You didn't know any spells.

Dungeon Overview and Level Annotations

Branches:
Dungeon (5/15)             Temple (1/1) D:4

Altars:
Ashenzari
Dithmenos
Elyvilon
Fedhas
Gozag
Kikubaaqudgha
Makhleb
Nemelex Xobeh
Okawaru
Qazlal
Ru
Vehumet
Xom
Yredelemnul
Zin
The Shining One

Annotations:
D:5 Prince Ribbit


Innate Abilities, Weirdness & Mutations

You have large cloven feet.
You are partially covered in icy blue scales (AC +1).


Message History

Prince Ribbit barely misses you.
You hit Prince Ribbit. Your kick misses Prince Ribbit.
Prince Ribbit is moderately wounded.
Prince Ribbit closely misses you.
You hit Prince Ribbit.
You kick Prince Ribbit, but do no damage.
Prince Ribbit is moderately wounded.
Prince Ribbit barely misses you. Prince Ribbit hits you!
* * * LOW HITPOINT WARNING * * *
You closely miss Prince Ribbit.
Prince Ribbit is moderately wounded.
Prince Ribbit hits you.
* * * LOW HITPOINT WARNING * * *
Prince Ribbit momentarily phases out as your attack passes through him.
You kick Prince Ribbit, but do no damage.
Prince Ribbit is moderately wounded.
Prince Ribbit closely misses you.
Prince Ribbit lets out a mournful croak.
Prince Ribbit hits you!
You die...

.#...##+#....#... .#..+
.+......+......#+#...##..
.#...##.#...............#
.##'###'#...............#
.+...#......#'#.........+
.#'###......+.+...).....#
............#.#.Z........#
......#+#...#.##F###.#.#.
......# +...+...@+ ....
.##+### #...#....# .#.
..>...+ #...#....# .
#..### #.....##.# ....#
##........ ..... .#. #..
#+## .. ... .#... ..#


You could see Prince Ribbit and a centaur zombie.

Vanquished Creatures
  Grinder (D:4)
  The ghost of dvd the Magician, an average DEFE (D:3)
  A giant frog skeleton (D:4)
  A worker ant zombie (D:5)
  6 adders
  A worm (D:2)
  A giant gecko (D:2)
  14 orcs
  9 bats
  15 goblins
  7 hobgoblins
  8 jackals
  2 quokkas (D:5)
  4 giant cockroaches
  5 giant newts
  9 kobolds
  11 rats
  4 plants (D:3)
100 creatures vanquished.

Notes
Turn   | Place    | Note
--------------------------------------------------------------
     0 | D:1      | gorblad, the Demonspawn Gladiator, began the quest for the Orb.
     0 | D:1      | Reached XP level 1. HP: 16/16 MP: 1/1
   113 | D:1      | Gained mutation: You have large cloven feet. [demonic ancestry]
   113 | D:1      | Reached XP level 2. HP: 6/22 MP: 2/2
   332 | D:1      | Reached skill level 1 in Axes
   568 | D:1      | Reached skill level 3 in Dodging
   666 | D:2      | Reached XP level 3. HP: 13/27 MP: 3/3
   883 | D:2      | Found a glowing golden altar of the Shining One.
   889 | D:2      | Found a white marble altar of Elyvilon.
  1291 | D:2      | Reached XP level 4. HP: 34/34 MP: 4/4
  1546 | D:3      | Noticed dvd's ghost (average DEFE)
  1558 | D:3      | Killed dvd's ghost
  1558 | D:3      | Gained mutation: You are partially covered in icy blue scales (AC +1). [demonic ancestry]
  1558 | D:3      | Reached XP level 5. HP: 27/40 MP: 5/5
  1569 | D:3      | Found a basalt altar of Yredelemnul.
  2663 | D:4      | Found a staircase to the Ecumenical Temple.
  2673 | Temple   | Entered the Ecumenical Temple
  2782 | Temple   | Became a worshipper of Dithmenos the Shadowed
  2918 | D:4      | Noticed Grinder
  2918 | D:4      | Paralysed by Grinder for 2 turns
  2937 | D:4      | Killed Grinder
  2937 | D:4      | Reached skill level 4 in Dodging
  2937 | D:4      | Reached XP level 6. HP: 34/47 MP: 6/6
  3558 | D:4      | Found a glowing silver altar of Zin.
  3558 | D:4      | Noticed an angel
  3671 | D:5      | Entered Level 5 of the Dungeon
  3945 | D:5      | Noticed Prince Ribbit
  3962 | D:5      | Reached XP level 7. HP: 24/52 MP: 7/7
  3970 | D:5      | Slain by Prince Ribbit

Action                   |  1- 3 |  4- 6 |  7- 9 || total
-------------------------+-------+-------+-------++-------
Melee: Hand axe          |   126 |   240 |     5 ||   371
       Flail             |     1 |       |       ||     1
       Falchion          |       |    46 |       ||    46
  Use: Scroll            |       |     6 |       ||     6
       Potion            |       |     3 |     2 ||     5
  Eat: Chunk             |     1 |     7 |       ||     8
       Bread ration      |       |     1 |       ||     1
